 Dungeon Crawl Stone Soup version bcrawl-1.22 (webtiles) character file.

Game seed: 15574628652309523204

48 Lochraine the Magician (level 3, 0/19 HPs)
             Began as a Skeleton Fire Elementalist on May 4, 2020.
             Slain by a worker ant (6 damage)
             ... on level 2 of the Dungeon.
             The game lasted 00:06:09 (1543 turns).

Lochraine the Magician (Skeleton Fire Elementalist) Turns: 1543, Time: 00:06:10

Health: 0/19       AC:  2    Str: 14      XL:     3   Next: 50%
Magic:  0/8        EV: 12    Int: 13 (14) God:
Gold:   144        SH:  0    Dex:  9      Spells: 8/9 levels left

rFire    . . .     SeeInvis .   g - -2 short sword (curse)
rCold    + . .     Gourm    .   (no shield)
rNeg     + + +     Faith    .   a - +0 robe
rPois    ∞         Spirit   +   (no helmet)
rElec    .         Reflect  .   (no cloak)
rCorr    .         Harm     .   (no gloves)
MR       .....                  (no boots)
Stlth    ++........             (no amulet)
HPRegen  0.06/turn              (no ring)
MPRegen  0.11/turn              (no ring)

@: no status effects
A: no food or potions, cold resistance 1, deterioration 1, negative energy
resistance 3, torment resistance, unbreathing, magic shield, sturdy frame 1,
spell healing
a: no special abilities


You were on level 2 of the Dungeon.
You were not hungry.

You visited 1 branch of the dungeon, and saw 2 of its levels.

You collected 144 gold pieces.

Inventory:

Hand Weapons
 g - a cursed -2 short sword (weapon)
Missiles
 c - 378 stones (quivered)
Armour
 a - a +0 robe (worn)
Scrolls
 b - a scroll of fear {unknown}
 d - a scroll of teleportation {unknown}
 e - 2 scrolls of immolation {unknown}
 f - a scroll of enchant weapon {unknown}
 h - a scroll of amnesia {unknown}


   Skills:
 - Level 2.0 Dodging
 - Level 2.8 Stealth
 + Level 3.9 Spellcasting
 + Level 2.1 Conjurations
 + Level 3.4 Fire Magic


You had 8 spell levels left.
You knew the following spells:

 Your Spells              Type           Power        Failure   Level  Hunger
a - Flame Tongue          Conj/Fire      #....        6%          1    N/A

Your spell library contained the following spells:

 Spells                   Type           Power        Failure   Level  Hunger
 Flaming Arrows           Chrm/Fire      #.......     16%         2    N/A
 Conjure Flame            Conj/Fire      #.......     19%         3    N/A
 Inner Flame              Hex/Fire       N/A          30%         3    N/A
 Sticky Flame             Conj/Fire      #.......     54%         4    N/A
 Fireball                 Conj/Fire      #.........   87%         5    N/A

Dungeon Overview and Level Annotations

Branches:
Dungeon (2/12)

Altars:
Ashenzari


Innate Abilities, Weirdness & Mutations

You do not eat or drink.
You are immune to poison.
Your flesh is cold resistant. (rC+)
Your body sometimes deteriorates upon taking damage.
You are immune to negative energy. (rN+++)
You are immune to unholy pain and torment.
You can survive without breathing.
When hurt, damage is shared between your health and your magic reserves.
Your movements are slightly less encumbered by armour. (ER -2)
Casting spells heals you.


Message History

Aim: a worker ant (heavily wounded)
The flame tongue hits the worker ant but does no damage.
The worker ant is heavily wounded.
The worker ant misses you. The worker ant bites you.
Casting: Flame Tongue (safe; 6% risk of failure)
Confirm with . or Enter, or press ? or * to list all spells.
You don't have enough magic to cast that spell.
The worker ant bites you.
* * * LOW HITPOINT WARNING * * *
Your body deteriorates!
You feel dopey.
Casting: Flame Tongue (safe; 6% risk of failure)
Confirm with . or Enter, or press ? or * to list all spells.
Aiming: Flame Tongue (safe; 6% risk of failure)
Press: ? - help, Shift-Dir - straight line, f/p - worker ant
Aim: a worker ant (heavily wounded)
The flame tongue hits the worker ant.
The worker ant is severely wounded.
The worker ant bites you.
You die...

#.#. #.# .#.## #.# ...# #.#
#..# #.###### #.# #..##
#...!..########.####
#...##########..........†....
#..#.......##..#######.#####
#..#.......##..#.#####.#
#..#......a@.......†.†.# ###
#..#...............##..# #..
#.........)..._........# #.#
#...........#.##..###..#
#...........#..........#
#..#....###.#####.....##
#..#....# #.# ####..#
#.....[......# #..#
#.###..####...# .#


You could see a worker ant.

Vanquished Creatures
  2 worms
  2 dart slugs
  A leopard gecko (D:1)
  3 giant cockroaches
  4 goblins
  2 hobgoblins (D:1)
  2 jackals (D:2)
  3 quokkas
  5 bats (D:1)
  3 frilled lizards (D:1)
  3 kobolds
  5 rats (D:1)
35 creatures vanquished.

Notes
Turn   | Place    | Note
-------+----------+-------------------------------------------
     0 | D:1      | Lochraine the Skeleton Fire Elementalist began the quest
                  | for the Orb.
     0 | D:1      | Reached XP level 1. HP: 10/10 MP: 4/4
   284 | D:1      | Reached XP level 2. HP: 15/15 MP: 4/6
  1004 | D:1      | Reached XP level 3. HP: 19/19 MP: 6/8
  1371 | D:2      | Found a shattered altar of Ashenzari.
  1543 | D:2      | Slain by a worker ant

Skill      XL: |  1  2  3 |
---------------+----------+-----
Conjurations   | 2 |  2.1
Dodging        | |  2.0
Stealth        | |  2.8
Spellcasting   | |  3.9
Fire Magic     | |  3.4

Action                   || total
-------------------------++-------
Melee: Unarmed           ||     1
 Cast: Flame Tongue      ||    72
Armor: Robe              ||     4
Dodge: Dodged            ||    23
